 Dungeon Crawl Stone Soup version 0.17.1-1-g73c8601 (webtiles) character file.

93 Rationalist the Shield-Bearer (level 4, -4/37 HPs)
             Began as a Formicid Fighter on Dec 12, 2015.
             Slain by Terence
             ... wielding a +0 hand axe
              (7 damage)
             ... on level 3 of the Dungeon.
             The game lasted 00:05:15 (1842 turns).

Rationalist the Shield-Bearer (Formicid Fighter)    Turns: 1842, Time: 00:05:16

Health: -4/37      AC:  3    Str: 26    XL:     4   Next: 91%
Magic:  4/4        EV: 10    Int:  7    God:
Gold:   85         SH: 10    Dex: 11    Spells: 0 memorised, 3 levels left

rFire  + . .     SeeInvis +     a - +0 war axe
rCold  . . .     Clarity  .     k - +1 robe {rF+}
rNeg   . . .     SustAt   .     c - +0 shield
rPois  .         Gourm    .     (helmet unavailable)
rElec  .         Spirit   .     (no cloak)
rCorr  .         Warding  .     (no gloves)
rMut   .         Stasis   +     (no boots)
MR     .....                    (no amulet)
Stlth  +.........               (no ring)
                                (no ring)

@: mighty, not resistant to hostile enchantments, very unstealthy
A: permanent stasis, dig shafts and tunnels, four strong arms, antennae 3
a: Dig, Shaft Self


You were on level 3 of the Dungeon.
You were not hungry.

You visited 1 branch of the dungeon, and saw 3 of its levels.

You collected 85 gold pieces.

Inventory:

Hand Weapons
 a - a +0 war axe (weapon)
Missiles
 b - 13 sling bullets
 f - 22 bolts
Armour
 c - a +0 shield (worn)
 k - a +1 robe of fire resistance (worn)
Scrolls
 g - 6 scrolls of teleportation {unknown}
 i - 2 scrolls of remove curse {unknown}
 j - 2 scrolls of identify {unknown}
 l - a scroll of noise {unknown}
 m - a scroll of immolation {unknown}
Potions
 o - 2 potions of agility {unknown}
Books
 n - a book of Party Tricks

   Spells                             Type                      Level
   a - Summon Butterflies             Summoning                    1
   b - Apportation                    Translocation                1
   c - Tukima's Dance                 Hexes                        3
   d - Alistair's Intoxication        Transmutation/Poison         4
   e - Invisibility                   Hexes                        6
Comestibles
 e - 2 bread rations
 h - 2 slices of pizza
 p - a chunk of flesh


   Skills:
 + Level 4.1 Fighting
 + Level 2.7 Axes
 + Level 3.8 Armour
 + Level 0.6 Dodging
 + Level 4.4 Shields


You had 3 spell levels left.
You didn't know any spells.

Dungeon Overview and Level Annotations

Branches:
Dungeon (3/15)

Altars:
Makhleb
Zin
The Shining One

Annotations:
D:3 Terence


Innate Abilities, Weirdness & Mutations

You are under a permanent stasis effect.
You can dig through walls and to a lower floor.
Your four strong arms can wield two-handed weapons with a shield.
You have a pair of large antennae on your head (SInv).


Message History

Terence is moderately wounded.
Terence hits you with a hand axe.
You hit Terence but do no damage.
Terence is moderately wounded.
Terence screams, "I'm going to kill you!"
Terence hits you with a hand axe. x2
* * * LOW HITPOINT WARNING * * *
Drink which item? (? for menu, Esc to quit)
You feel very mighty all of a sudden.
You closely miss Terence.
Terence is moderately wounded.
Terence hits you with a hand axe.
* * * LOW HITPOINT WARNING * * *
Terence hits you with a hand axe.
* * * LOW HITPOINT WARNING * * *
You barely miss Terence.
Terence is moderately wounded.
The giant newt hisses menacingly.
Terence hits you with a hand axe!
You die...

#...## #.##...#####
.....#### #%........(
........# ##.......##
....###.###.........## #
#...#
#.รท............#.##
##..###.###..............
##......# ##.........####
...##.### ##...........#
#####.# #...@##..##.# # #
#.##@# ..# #.##l# .#
#.##.. .. ......# #>
#...... #. #.#. #....


You could see Terence and a giant newt.

Vanquished Creatures
  3 adders
  3 oozes (D:1)
  A worm (D:2)
  2 giant geckos (D:2)
  2 ball pythons
  6 bats
  2 giant cockroaches
  4 goblins
  6 hobgoblins
  6 kobolds
  9 giant newts
  A quokka (D:2)
  6 rats (D:1)
51 creatures vanquished.

Notes
Turn   | Place    | Note
--------------------------------------------------------------
     0 | D:1      | Rationalist the Formicid Fighter began the quest for the Orb.
     0 | D:1      | Reached XP level 1. HP: 18/18 MP: 1/1
     5 | D:1      | Reached XP level 2. HP: 18/24 MP: 2/2
     5 | D:1      | Reached skill level 4 in Shields
   178 | D:1      | Reached XP level 3. HP: 29/29 MP: 3/3
   982 | D:2      | Reached XP level 4. HP: 24/37 MP: 4/4
  1283 | D:2      | Found a glowing golden altar of the Shining One.
  1419 | D:2      | Noticed a cacodemon
  1420 | D:2      | Found a burning altar of Makhleb.
  1426 | D:2      | Found a glowing silver altar of Zin.
  1427 | D:2      | Noticed an angel
  1828 | D:3      | Noticed Terence
  1842 | D:3      | Slain by Terence

Action                   |  1- 3 |  4- 6 || total
-------------------------+-------+-------++-------
Melee: War axe           |    84 |    47 ||   131
 Abil: Dig               |     1 |     1 ||     2
  Use: Potion            |       |     1 ||     1
  Eat: Chunk             |       |     3 ||     3
